 Dungeon Crawl Stone Soup version 0.29.1-1-gd02db6906a (webtiles) character file.

Game seed: 8626262446271108434

653 Sabo the Chopper (level 7, -1/62 HPs)
             Began as a Minotaur Fighter on Oct 22, 2022.
             Slain by a bog mummy (10 damage)
             ... in an ossuary.
             The game lasted 00:15:36 (3641 turns).

Sabo the Chopper (Minotaur Fighter)                 Turns: 3641, Time: 00:15:36

Health: -1/62      AC: 10    Str: 23    XL:     7   Next: 29%
Magic:  6/6        EV:  8    Int:  5    God:
Gold:   263        SH:  0    Dex:  9    Spells: 6/6 levels left

rFire   . . .      SeeInvis .   a - +0 war axe
rCold   . . .      Faith    .   w - orb {light}
rNeg    . . .      Spirit   .   r - +0 chain mail
rPois   .          Reflect  .   (helmet restricted)
rElec   .          Harm     .   (no cloak)
rCorr   .          Rampage  .   (no gloves)
Will    +....                   (no boots)
Stlth   ..........              (no amulet)
HPRegen 0.20/turn               f - ring of willpower
MPRegen 0.10/turn               (no ring)

@: mighty, glowing
A: horns 2, retaliatory headbutt
a: no special abilities


You were in an ossuary.
You visited 1 branch of the dungeon, and saw 4 of its levels.
You also visited: Ossuary.

You collected 263 gold pieces.

Inventory:

Hand Weapons
 a - a +0 war axe (weapon)
 j - a +0 sling
Missiles
 b - 8 poisoned darts (quivered)
 l - 2 curare-tipped darts
Armour
 c - a +0 buckler
 r - a +0 chain mail (worn)
 w - an orb of light (worn)
Jewellery
 f - a ring of willpower (left hand)
Wands
 v - a wand of mindburst (17)
Scrolls
 g - a scroll of silence
 i - a scroll of enchant weapon {unknown}
 q - a scroll of immolation {unknown}
 s - a scroll of amnesia {unknown}
 t - a scroll of teleportation {unknown}
Potions
 d - 2 potions of might
 e - a potion of cancellation {unknown}
 h - 2 potions of lignification {unknown}
 k - 2 potions of curing {unknown}
 m - 2 potions of mutation {unknown}
 n - 2 potions of ambrosia {unknown}
 o - a potion of attraction {unknown}
 p - a potion of berserk rage {unknown}
 u - 3 potions of heal wounds {unknown}


   Skills:
 + Level 5.7 Fighting
 + Level 6.7 Axes
 + Level 5.5 Armour
 + Level 1.1 Dodging
 + Level 0.7 Stealth
 + Level 4.7 Shields


You had 6 spell levels left.
You didn't know any spells.
Your spell library contained the following spells:

 Spells                   Type           Power      Damage    Failure   Level
 Apportation              Tloc           0%         N/A       98%         1
 Shock                    Conj/Air       0%         1d3       98%         1
 Ensorcelled Hibernation  Hex/Ice        0%         N/A       99%         2
 Passwall                 Tmut/Erth      0%         N/A       99%         2
 Swiftness                Air            0%         N/A       100%        3
 Airstrike                Air            0%         2d(0-16)  100%        4
 Alistair's Intoxication  Tmut/Pois      0%         N/A       100%        5


Dungeon Overview and Level Annotations

Branches:
Dungeon (4/15)            Ossuary (1/1)
 Temple: D:4-7

Altars:
Sif Muna


Innate Abilities, Weirdness & Mutations

You have a pair of horns on your head.
You reflexively headbutt those who attack you in melee.


Message History

The centaur zombie hits you but does no damage.
The centaur zombie kicks you.
The centaur zombie hits you but does no damage.
The centaur zombie kicks you but does no damage.
The mummy hits you but does no damage.
You slash the mummy! You headbutt the mummy!
You destroy the mummy!
You slash the centaur zombie!
You destroy the centaur zombie!
A bullfrog zombie comes into view.
A mummy comes into view.
The bullfrog zombie hits you but does no damage.
You slice the bullfrog zombie!!
The bullfrog zombie is heavily damaged.
The bullfrog zombie completely misses you.
You slice the bullfrog zombie!!
You destroy the bullfrog zombie!
You enter the shallow water.
Moving in this stuff is going to be slow.
A bog mummy comes into view.
Found a silvery potion.
A centaur zombie comes into view.
Found five items.
The mummy hits you!
* * * LOW HITPOINT WARNING * * *
The centaur zombie closely misses you.
The centaur zombie kicks you but does no damage.
You hit the mummy. You headbutt the mummy!
You destroy the mummy!
You hit the centaur zombie. The centaur zombie barely misses you.
You furiously retaliate!
You headbutt the centaur zombie! The centaur zombie barely misses you.
Found a ring of willpower, a silvery potion and 2 fizzy brown potions.
A bullfrog zombie comes into view.
The centaur zombie hits you.
* * * LOW HITPOINT WARNING * * *
The centaur zombie barely misses you.
The bullfrog zombie moves out of view.
The centaur zombie hits you but does no damage.
The centaur zombie kicks you but does no damage.
The bog mummy hits you!
You die...

#∩..#~.P≈≈≈≈≈
#'#####~~#~####
~~~~.~..~P≈≈#
#~#####~~##≈#
#!!!#~~.#≈#
#?!!#~~#~# #
#!?=#~~P###
##Z##'##Z##.##≈≈#
......M@..~.~.###
#'#'#'#'#'#'### #
#.#.#.# #######


You could see a bog mummy, a bullfrog zombie (wandering) and a centaur zombie.

Vanquished Creatures
  A water moccasin zombie (Ossuary)
  3 bullfrog zombies (Ossuary)
  2 centaur zombies (Ossuary)
  A hound (D:3)
  6 mummies (Ossuary)
  Natasha (twice) (D:3)
  An iguana (D:4)
  2 orc wizards (D:3)
  2 howler monkey zombies (Ossuary)
  4 adders
  A gnoll (D:1)
  4 worms
  3 dart slugs
  6 orcs (D:3)
  8 ball pythons
  5 bats
  11 endoplasms
  2 giant cockroaches
  4 goblins
  11 hobgoblins
  7 jackals (D:1)
  3 quokkas
  3 frilled lizards
  3 kobolds
  10 rats
105 creatures vanquished.

Vanquished Creatures (others)
  2 withered plants (Ossuary)
2 creatures vanquished.

Grand Total: 107 creatures vanquished

Notes
Turn   | Place    | Note
-------+----------+-------------------------------------------
     0 | D:1      | Sabo the Minotaur Fighter began the quest for the Orb.
     0 | D:1      | Reached XP level 1. HP: 19/19 MP: 0/0
    91 | D:1      | Reached XP level 2. HP: 23/27 MP: 1/1
   506 | D:1      | Reached XP level 3. HP: 33/33 MP: 2/2
   512 | D:1      | Reached skill level 3 in Axes
  1108 | D:2      | Reached XP level 4. HP: 20/40 MP: 3/3
  2005 | D:3      | Found a shimmering blue altar of Sif Muna.
  2012 | D:3      | Reached skill level 4 in Axes
  2237 | D:3      | Reached XP level 5. HP: 40/47 MP: 4/4
  2598 | D:3      | Noticed Natasha
  2602 | D:3      | Killed Natasha
  2603 | D:3      | Reached skill level 5 in Axes
  2630 | D:3      | Noticed Natasha
  2762 | D:3      | Killed Natasha
  2763 | D:3      | Reached XP level 6. HP: 50/53 MP: 5/5
  3142 | D:3      | Found a faded altar of an unknown god.
  3463 | D:4      | Found a sand-covered staircase.
  3535 | Ossuary  | Entered an ossuary
  3545 | Ossuary  | Reached skill level 1 in Dodging
  3556 | Ossuary  | Reached skill level 5 in Armour
  3599 | Ossuary  | Reached skill level 6 in Axes
  3602 | Ossuary  | Reached skill level 5 in Fighting
  3630 | Ossuary  | Reached XP level 7. HP: 26/61 MP: 6/6
  3641 | Ossuary  | Slain by a bog mummy

Illustrated notes

Levels and vault maps discovered:
D:1:      psy_arrival_fountain, layout_basic, chequers_serial_rivers_marsh
D:2:      minmay_inner_zag, layout_rooms
D:3:      minmay_octagon_keep, layout_loops_ring, mainiacjoe_overflow_boulevard,
          serial_glass, glass_columns_a, glass_columns_a,
          hellmonk_ecumenical_altar_heavens_door, st_stairs_8, minmay_pentangle,
          uniq_natasha
D:4:      layout_cave_pods, xom_confusion_cloud,
          chequers_temple_overflow_statue_of_worship,
          nicolae_ossuary_entry_monument, st_stairs_14,
          amcnicky_mini_corridor_feature, dreamdust_wishing_well
Ossuary:  ossuary_zaba_flooded

Skill      XL: |  1  2  3  4  5  6 |
---------------+-------------------+-----
Shields        | 4 |  4.7
Fighting       | 4 5 |  5.7
Armour         | 4 5 |  5.5
Axes           | 3 4 5 6 |  6.7
Dodging        | 1 |  1.1
Stealth        | |  0.7

Action                   |  1- 3 |  4- 6 |  7- 9 || total
-------------------------+-------+-------+-------++-------
Melee: War axe           |    61 |   162 |     5 ||   228
       Headbutt          |    15 |    23 |     3 ||    41
  Use: Scroll            |     1 |     5 |       ||     6
       Potion            |       |     1 |       ||     1
 Stab: Distracted        |       |     1 |       ||     1
Armor: Scale mail        |    21 |     1 |       ||    22
       Chain mail        |       |    96 |     8 ||   104
Dodge: Dodged            |    28 |    53 |     7 ||    88
Block: Buckler           |    11 |    25 |       ||    36
